 Dungeon Crawl Stone Soup version 0.22.1-2-g9c5b331 (webtiles) character file.

80 Yuikono the Poker (level 4, -7/35 HPs)
             Began as a Merfolk Abyssal Knight on Nov 29, 2018.
             Was a Believer of Lugonu.
             Killed from afar by an orc wizard (9 damage)
             ... with a magic dart
             ... on level 3 of the Dungeon.
             The game lasted 00:06:30 (2994 turns).

Yuikono the Poker (Merfolk Abyssal Knight)          Turns: 2994, Time: 00:06:30

Health: -7/35      AC:  3    Str: 12    XL:     4   Next: 39%
Magic:  15/15      EV: 13    Int: 16    God:    Lugonu [**....]
Gold:   72         SH:  0    Dex: 14    Spells: 3/3 levels left

rFire    . . .     SeeInvis .   a - +1 spear
rCold    . . .     Gourm    .   (no shield)
rNeg     . . .     Faith    .   b - +0 leather armour
rPois    .         Spirit   .   (no helmet)
rElec    .         Reflect  .   (no cloak)
rCorr    .         Harm     .   (no gloves)
MR       .....                  (no boots)
Stlth    +.........             (no amulet)
HPRegen  0.11/turn              i - ring of magical power
MPRegen  0.14/turn              (no ring)

@: brilliant
A: change form in water, swift swim, stealthy swim
a: Depart the Abyss, Bend Space, Renounce Religion


You were on level 3 of the Dungeon.
You worshipped Lugonu.
Lugonu was pleased with you.
You were hungry.

You visited 1 branch of the dungeon, and saw 3 of its levels.
You visited the Abyss 1 time.

You collected 72 gold pieces.

Inventory:

Hand Weapons
 a - a +1 spear (weapon)
 t - a +2 hunting sling of velocity
Missiles
 d - 81 stones (quivered)
 e - 36 arrows
 j - 14 poisoned needles
 o - 22 sling bullets
Armour
 b - a +0 leather armour (worn)
Jewellery
 i - a ring of magical power (left hand)
Wands
 m - a wand of paralysis (5)
Scrolls
 f - a scroll of amnesia {unknown}
 h - 2 scrolls of identify {unknown}
 l - 2 scrolls of teleportation {unknown}
 n - a scroll of enchant armour {unknown}
 p - 2 scrolls of remove curse {unknown}
 r - a scroll of blinking {unknown}
 s - a scroll of fog {unknown}
Potions
 g - 2 potions of haste
 k - a potion of flight {unknown}
 q - a potion of brilliance
 u - a potion of ambrosia {unknown}
 v - a potion of curing {unknown}
Comestibles
 c - 7 rations


   Skills:
 - Level 3.2 Fighting
 + Level 4.5 Polearms
 - Level 0.6 Armour
 + Level 4.0 Dodging
 + Level 3.1 Invocations


You had 3 spell levels left.
You didn't know any spells.
Your spell library was empty.

Dungeon Overview and Level Annotations

Branches:
Dungeon (3/15)

Altars:
Trog


Message History

The goblin is heavily wounded.
The goblin closely misses you.
You hit the goblin.
You kill the goblin!
Lugonu accepts your kill.
You hit something.
You hear some strange, mumbled words.
A magic dart appears from out of thin air!
The magic dart hits you!
* * * LOW HITPOINT WARNING * * *
You hit something.
You hear some strange, mumbled words.
A puff of flame appears from out of thin air!
The puff of flame misses you.
It was a potion of brilliance.
You feel clever all of a sudden.
You hear some strange, mumbled words.
A magic dart appears from out of thin air!
The magic dart hits you!
You die...

#.# ###.#.........#
#.########...##.......##
#.......................
#.#.......##.#######.####
#.###...####.## .# #.#
#.#.......## .# #.#
#.######...# ###.###.#
#.###.# #.#.###.....l.#
#.##..# #.#@##..##..###
#.#..## #.#)#..## ..#
#.#.## #.#o#o## .# #...#
..#.).# # #..## .##...#
#..# #......## #.##
#..####.# #.# # #.# #.#
#..


You could see an orc.

Vanquished Creatures
  2 adders (D:2)
  2 worms
  A dart slug (D:2)
  A leopard gecko (D:2)
  An orc (D:3)
  6 bats
  A giant cockroach (D:3)
  9 goblins
  2 hobgoblins (D:1)
  7 jackals
  6 kobolds
  A quokka (D:2)
  A ball python (D:1)
  4 frilled lizards
  4 rats
48 creatures vanquished.

Vanquished Creatures (others)
  An orc (D:2)
1 creature vanquished.

Grand Total: 49 creatures vanquished

Notes
Turn   | Place    | Note
-------+----------+-------------------------------------------
     0 | Abyss:1  | Yuikono the Merfolk Abyssal Knight began the quest for the
                  | Orb.
     0 | Abyss:1  | Reached XP level 1. HP: 18/18 MP: 2/2
    11 | D:1      | Escaped the Abyss
   352 | D:1      | Reached XP level 2. HP: 17/24 MP: 3/3
  1157 | D:2      | Reached XP level 3. HP: 11/29 MP: 4/5
  1160 | D:2      | Reached ** piety under Lugonu
  1570 | D:2      | Found a bloodstained altar of Trog.
  2166 | D:2      | Reached XP level 4. HP: 32/35 MP: 6/6
  2994 | D:3      | Killed from afar by an orc wizard

Skill      XL: |  1  2  3  4 |
---------------+-------------+-----
Dodging        | 3 4 |  4.0
Polearms       | 4 |  4.5
Invocations    | 3 |  3.1
Fighting       | |  3.2
Armour         | |  0.6

Action                   |  1- 3 |  4- 6 || total
-------------------------+-------+-------++-------
Melee: Spear             |   139 |    63 ||   202
Throw: Stone             |    11 |     1 ||    12
  Use: Potion            |       |     1 ||     1
 Stab: Sleeping          |       |     1 ||     1
  Eat: Chunk             |     4 |     2 ||     6
Armor: Leather armour    |    22 |    18 ||    40
Dodge: Dodged            |    74 |    42 ||   116
